 Dungeon Crawl Stone Soup version 0.30-a0-782-ge64f9170bb (webtiles) character file.

Game seed: 14005094102514722425

42 112233 the Chiller (level 3, 0/20 HPs)
             Began as a Deep Elf Ice Elementalist on Feb 25, 2023.
             Slain by an ufetubus (4 damage)
             ... on level 2 of the Dungeon.
             The game lasted 00:01:06 (1294 turns).

112233 the Chiller (Deep Elf Ice Elementalist)      Turns: 1294, Time: 00:01:06

Health: 0/20       AC:  2    Str:  5    XL:     3   Next: 35%
Magic:  9/10       EV: 13    Int: 21    God:
Gold:   64         SH:  0    Dex: 15    Spells: 9/10 levels left

rFire   . . .      SeeInvis +    d - +0 dagger
rCold   . . .      Faith    .    (no shield)
rNeg    . . .      Spirit   .    a - +0 robe
rPois   .          Reflect  .    (no helmet)
rElec   .          Harm     .    (no cloak)
rCorr   .          Rampage  .    (no gloves)
Will    .....                    (no boots)
Stlth   ++                       (no amulet)
HPRegen 0.23/turn                (no ring)
MPRegen 0.12/turn                (no ring)

@: mighty
A: see invisible, sturdy frame 1
a: no special abilities


You were on level 2 of the Dungeon.
You visited 1 branch of the dungeon, and saw 2 of its levels.

You collected 64 gold pieces.

Inventory:

Hand Weapons
 d - a +0 dagger (weapon)
Armour
 a - a +0 robe (worn)
Jewellery
 m - an amulet of the acrobat
Scrolls
 c - 2 scrolls of summoning {unknown}
 e - a scroll of teleportation {unknown}
 f - a scroll of fog {unknown}
 g - a scroll of fear {unknown}
 i - a scroll of identify {unknown}
 l - a scroll of silence {unknown}
Potions
 b - 2 potions of magic
 k - a potion of cancellation {unknown}


   Skills:
 + Level 0.7 Fighting
 + Level 3.0 Dodging
 - Level 2.4 Stealth
 * Level 4.0 Spellcasting
 + Level 4.7 Ice Magic


You had 9 spell levels left.
You knew the following spells:

 Your Spells              Type           Power      Damage    Failure   Level
a - Freeze                Ice            96%        1d10      1%          1

Your spell library contained the following spells:

 Spells                   Type           Power      Damage    Failure   Level
 Frozen Ramparts          Ice            48%        1d8       5%          3
 Ozocubu's Armour         Ice            24%        N/A       5%          3
 Summon Ice Beast         Ice/Summ       14%        N/A       41%         4


Dungeon Overview and Level Annotations

Branches:
Dungeon (2/15)

Altars:


Innate Abilities, Weirdness & Mutations

You have supernaturally acute eyesight. (SInv)
Your movements are slightly less encumbered by armour. (ER -2)


Message History

Casting: Freeze (safe; 1% risk of failure)
Confirm with . or Enter, or press ? or * to list all spells.
You can't see any susceptible monsters within range! (Use Z to cast anyway.)
Casting: Freeze (safe; 1% risk of failure)
Confirm with . or Enter, or press ? or * to list all spells.
You can't see any susceptible monsters within range! (Use Z to cast anyway.)
Found a mace.
An ufetubus comes into view.
An ufetubus is nearby!
An ufetubus is nearby!
An ufetubus is nearby!
The ufetubus shouts!
The ufetubus hits you but does no damage.
The ufetubus hits you.
You completely miss the ufetubus. The ufetubus barely misses you.
The ufetubus hits you. The ufetubus closely misses you. The ufetubus hits you.
You are too injured to fight recklessly!
You are too injured to fight recklessly!
Casting: Freeze (safe; 1% risk of failure)
Confirm with . or Enter, or press ? or * to list all spells.
Aiming: Freeze (safe; 1% risk of failure)
Press: ? - help, Shift-Dir - straight line, f - ufetubus
Aim: an ufetubus You freeze the ufetubus.
The ufetubus resists.
The ufetubus is heavily wounded.
The ufetubus closely misses you. The ufetubus hits you.
* * * LOW HITPOINT WARNING * * *
Unknown command.
It was a potion of might.
You feel very mighty all of a sudden. The ufetubus barely misses you.
The ufetubus hits you but does no damage.
The ufetubus hits you.
* * * LOW HITPOINT WARNING * * *
The ufetubus closely misses you.
It was a potion of mutation.
You feel extremely strange.
Your vision sharpens.
You feel less encumbered by your armour.
The ufetubus barely misses you. The ufetubus hits you.
You die...

#.#.##.....................#
...........................#
..........).##....##......##
.).........#.##..##.#.....#
#.##......#.#.####.#.#....#
#.........##.#....#.# ....#
.........#.##......##.#...#
........#.#..........#.#..#
........##......@.....#
#.####.#.........5...... #.#
..................
#.####.###.######.#.####
.......#... .#.# .........#
.# # #........ .# #........
.# #........


You could see an ufetubus.

Vanquished Creatures
  An adder (D:2)
  A worm (D:2)
  4 bats (D:1)
  An endoplasm (D:1)
  2 hobgoblins
  3 quokkas
  7 ball pythons
  4 goblins
  4 kobolds
  2 rats
29 creatures vanquished.

Notes
Turn   | Place    | Note
-------+----------+-------------------------------------------
     0 | D:1      | 112233 the Deep Elf Ice Elementalist began the quest for
                  | the Orb.
     0 | D:1      | Reached XP level 1. HP: 10/10 MP: 6/6
   304 | D:1      | Reached XP level 2. HP: 15/15 MP: 8/8
  1115 | D:2      | Reached XP level 3. HP: 9/20 MP: 5/10
  1294 | D:2      | Gained mutation: You have supernaturally acute eyesight.
                  | (SInv) [potion of mutation]
  1294 | D:2      | Gained mutation: Your movements are slightly less
                  | encumbered by armour. (ER -2) [potion of mutation]
  1294 | D:2      | Slain by an ufetubus

Illustrated notes

Levels and vault maps discovered:
D:1:      mainiacjoe_arrival_reflecting_pool, layout_loops_corners
D:2:      layout_basic, minmay_misc_feat_secret_circle,
          minmay_misc_feat_nine_boxes

Skill      XL: |  1  2  3 |
---------------+----------+-----
Dodging        | 3 |  3.0
Spellcasting   | 4 |  4.0
Fighting       | |  0.7
Stealth        | |  2.4
Ice Magic      | |  4.7

Action                     || total
---------------------------++-------
  Melee: Dagger            ||    21
         Unarmed           ||     2
   Cast: Freeze            ||    32
    Use: Potion            ||     2
   Stab: Sleeping          ||     5
 Armour: Robe              ||     6
  Dodge: Dodged            ||    34

Table legend: (Time is in decaauts)
 A = Elapsed time spent in this place.
 B = Non-inter-level travel time spent in this place.
 C = Inter-level travel time spent in this place.
 D = Time resting spent in this place.
 E = Time spent auto-exploring this place.
 F = Levels seen in this place.
 G = Mean time per level.
                   A        B        C        D        E       F      G
               +--------+--------+--------+--------+--------+-----+--------+
         Total |   1293 |   1265 |     28 |      0 |   1096 |   2 |  646.5 |
       Dungeon |   1293 |   1265 |     28 |      0 |   1096 |   2 |  646.5 |
               +--------+--------+--------+--------+--------+-----+--------+

Top non-repeatable levels by time:
     D:1: 930 daAuts
     D:2: 362 daAuts
